 Dungeon Crawl Stone Soup version 0.18-a0-1577-gf591c28 (webtiles) character file.

483 namelastname112 the Sneak (level 6, 0/51 HPs)
             Began as a Draconian Wanderer on Mar 18, 2016.
             Slain by an orc
             ... wielding a +0 club
              (5 damage)
             ... on level 4 of the Dungeon.
             The game lasted 00:06:06 (3923 turns).

namelastname112 the Sneak (Draconian Wanderer)      Turns: 3923, Time: 00:06:06

Health: 0/51       AC:  7    Str: 14    XL:     6   Next: 87%
Magic:  6/6        EV: 12    Int: 13    God:
Gold:   205        SH:  4    Dex: 15    Spells: 0 memorised, 5 levels left

rFire  . . .     SeeInvis .     a - +2 dagger
rCold  . . .     Gourm    .     (armour unavailable)
rNeg   . . .     Faith    .     n - +0 buckler
rPois  .         Spirit   .     (helmet restricted)
rElec  .         Dismiss  .     (no cloak)
rCorr  .         Reflect  .     k - +0 pair of gloves
SustAt .         Harm     .     (no boots)
MR     .....                    (no amulet)
Stlth  +++.......               (no ring)
                                o - +3 ring of dexterity

@: not resistant to hostile enchantments, fairly stealthy
A: unfitting armour, cold-blooded, AC +6
a: no special abilities


You were on level 4 of the Dungeon.
You were not hungry.

You visited 1 branch of the dungeon, and saw 4 of its levels.
You also visited: Sewer.

You collected 205 gold pieces.

Inventory:

Hand Weapons
 a - a +2 dagger (weapon)
Armour
 k - a +0 pair of gloves (worn)
 n - a +0 buckler (worn)
Jewellery
 o - a +3 ring of dexterity (left hand)
Wands
 m - a wand of lightning (10/15)
Scrolls
 b - 2 scrolls of fog {unknown}
 c - 2 scrolls of enchant armour {unknown}
 d - 3 scrolls of teleportation
 e - a scroll of recharging {unknown}
 h - a scroll of identify
 j - a scroll of magic mapping {unknown}
 l - a scroll of remove curse {unknown}
 p - a scroll of blinking {unknown}
Potions
 g - 2 potions of magic
 i - a potion of curing
Comestibles
 f - 3 bread rations
 q - a chunk of flesh


   Skills:
 + Level 3.5 Fighting
 * Level 3.7 Short Blades
 + Level 2.2 Dodging
 * Level 5.6 Stealth
 + Level 2.2 Shields
 - Level 1.0 Unarmed Combat
 - Level 1.0 Evocations


You had 5 spell levels left.
You didn't know any spells.

Dungeon Overview and Level Annotations

Branches:
Dungeon (4/15)
 Temple: D:4-7

Altars:
Ashenzari
Nemelex Xobeh
Yredelemnul


Innate Abilities, Weirdness & Mutations

Your plain brown scales are hard (AC +6).
Your body does not fit into most forms of armour.
You are cold-blooded and may be slowed by cold attacks.


Message History

The orc closely misses you.
You hit the orc.
You tail-slap the orc, but do no damage.
The orc is severely wounded.
The orc priest calls down the wrath of Beogh upon you.
Beogh smites you!
* * * LOW HITPOINT WARNING * * *
You block the orc's attack.
You barely miss the orc priest.
The orc priest is lightly wounded.
The orc hits you but does no damage. x2
The orc priest invokes the aid of Beogh against you.
Beogh smites you!
* * * LOW HITPOINT WARNING * * *
The orc barely misses you.
Drink which item? (? for menu, Esc to quit)
You feel better. The orc hits you with a dagger.
* * * LOW HITPOINT WARNING * * *
The orc hits you with a club.
You die...

........# #......##
#......##########.# #
#.o...........# #.###.#
#..o..........# #.....#
#.o...........# #.....+
#.............###.....#
##..###o..............#
# #oo.............#
#@oa............#
##o#####.....####
............#
#.#####.....# .#
####### .# .# .#


You could see a worker ant, an orc priest and 4 orcs.

Vanquished Creatures
  2 giant frogs (Sewer)
  An orc priest (D:3)
  The ghost of 4thArraOfDagon the Firebug, a weakling DEFE (D:3)
  13 adders
  11 oozes
  5 worms
  A dart slug (D:2)
  9 giant geckos
  3 orcs (D:3)
  10 ball pythons (Sewer)
  16 giant cockroaches
  9 goblins
  7 hobgoblins
  7 jackals
  A quokka (D:2)
  8 bats
  10 giant newts
  11 kobolds
  10 rats
135 creatures vanquished.

Notes
Turn   | Place    | Note
--------------------------------------------------------------
     0 | D:1      | namelastname112 the Draconian Wanderer began the quest for the Orb.
     0 | D:1      | namelastname112 set off with: a +2 dagger, a potion of heal wounds, a potion of lignification, a scroll of teleportation, a bread ration
     0 | D:1      | Reached XP level 1. HP: 17/17 MP: 1/1
   357 | D:1      | Reached XP level 2. HP: 21/24 MP: 2/2
   523 | D:2      | Reached skill level 4 in Stealth
   657 | D:2      | Reached XP level 3. HP: 22/30 MP: 3/3
   681 | D:2      | HP: 2/45 [poisoned by an adder]
  1008 | D:2      | Reached XP level 4. HP: 33/37 MP: 4/4
  1336 | D:3      | Found a shattered altar of Ashenzari.
  1450 | D:3      | Found a glowing drain.
  1478 | D:3      | Reached XP level 5. HP: 10/44 MP: 5/5
  1517 | Sewer    | Entered a sewer
  1780 | Sewer    | Reached skill level 1 in Shields
  2283 | Sewer    | Reached skill level 5 in Stealth
  2577 | Sewer    | Reached XP level 6. HP: 36/51 MP: 6/6
  3320 | D:3      | Found a sparkling altar of Nemelex Xobeh.
  3366 | D:3      | Noticed 4thArraOfDagon's ghost (weakling DEFE)
  3392 | D:3      | Killed 4thArraOfDagon's ghost
  3628 | D:3      | Found a basalt altar of Yredelemnul.
  3922 | D:4      | HP: 1/51 [orc priest/divine providence (12)]
  3923 | D:4      | Slain by an orc

Vault maps used:
D:1:      lightli_arrival_flooded_house
D:2:      nrook_mini_vaults, minmay_tree_intersection, minmay_vboxes
D:3:      evilmike_ruin_ashenzari, marbit_many_paths, portal_sewer_entry_a,
          minmay_misc_feat_room, mrwooster_statue_mirror,
          hangedman_decor_peaks_small, nemelex_dance_club_becter
D:4:      lemuel_round_altar
Sewer:    sewer_frog_island_02

Skill      XL: |  1  2  3  4  5  6 |
---------------+-------------------+-----
Stealth        | 4 5 |  5.6
Short Blades   | 2 3 |  3.7
Shields        | 1 2 |  2.2
Fighting       | 3 |  3.5
Dodging        | 2 |  2.2
Unarmed Combat | |  1.0
Evocations     | |  1.0

Action                   |  1- 3 |  4- 6 || total
-------------------------+-------+-------++-------
Melee: Dagger            |   120 |   480 ||   600
  Use: Potion            |     2 |     2 ||     4
       Scroll            |       |     3 ||     3
 Stab: Sleeping          |     6 |     8 ||    14
  Eat: Chunk             |       |    11 ||    11
